 Dungeon Crawl Stone Soup version 0.31-a0-702-gf82c85558f (webtiles) character file.

Game seed: 787368845677175746

46 qw the Shooter (level 3, -2/22 HPs)
             Began as a Gargoyle Hunter on Sept 8, 2023.
             Slain by Sigmund
             ... wielding a +0 scythe
              (5 damage)
             ... on level 3 of the Dungeon.
             The game lasted 00:00:30 (1334 turns).

qw the Shooter (Gargoyle Hunter)                    Turns: 1334, Time: 00:00:31

Health: -2/22      AC:  8    Str: 14    XL:     3   Next: 66%
Magic:  3/3        EV: 10    Int:  9    God:
Gold:   74         SH:  0    Dex: 15    Spells: 2/2 levels left

rFire   . . .        Y - +1 shortbow
rCold   . . .        (shield currently unavailable)
rNeg    + + .        b - +0 ring mail
rPois   inf          (no helmet)
rElec   +            (no cloak)
rCorr   .            (no gloves)
SInv    .            (no boots)
Will    .....        (no amulet)
Stlth   +            j - ring of positive energy
HPRegen 0.23/turn    (no ring)
MPRegen 0.08/turn

%: no passive effects
@: about to teleport
A: sickness immunity, AC +3, negative energy resistance 1, electricity
resistance, torment resistance 1, petrification resistance
a: no special abilities


You were on level 3 of the Dungeon.
You visited 1 branch of the dungeon, and saw 3 of its levels.

You collected 129 gold pieces.
You spent 55 gold pieces at shops.


Innate Abilities, Weirdness & Mutations

You are immune to sickness and miasma.
Your stone body is resilient. (AC +3)
You are immune to poison.
You resist negative energy. (rN+)
You are resistant to electric shocks. (rElec)
You are resistant to unholy torment.
You are immune to petrification.


   Skills:
 - Level 2.8 Fighting
 - Level 5.0 Ranged Weapons
 + Level 0.0 Armour
 - Level 1.5 Dodging
 - Level 1.1 Stealth


You had 2 spell levels left.
You didn't know any spells.
Your spell library was empty.

Inventory:

Hand Weapons
 Y - a +1 shortbow (weapon)
Armour
 b - a +0 ring mail (worn)
Jewellery
 j - a ring of positive energy (left hand)
Potions
 a - 2 potions of degeneration {unknown}
 d - a potion of heal wounds {unknown}
 e - a potion of experience {unknown}
 f - 2 potions of enlightenment
 g - a potion of magic {unknown}
 i - a potion of might {unknown}

Dungeon Overview and Level Annotations

Branches:
Dungeon (3/15)

Altars:

Shops:
D:2 !

Annotations:
D:3 Sigmund


Message History

You shoot an arrow. The arrow hits the ball python.
You kill the ball python!
Found a stone staircase leading down.
Found a ring mail.
c - a scroll of teleportation You now have enough gold to buy a potion of might on D:2, or buy a potion of heal wounds on D:2.
You can access your shopping list by pressing '$'.
You now have 57 gold pieces (gained 27).
a - 2 glowing sapphire potions (gained 1)
e - an emerald potion You now have 74 gold pieces (gained 17).
You open the door.
Sigmund the Dreaded comes into view.
He is wielding a +0 scythe.
Sigmund shouts!
You shoot an arrow. The arrow hits Sigmund.
Sigmund is lightly wounded.
You shoot an arrow.
The arrow hits Sigmund but does no damage.
Sigmund is lightly wounded.
Sigmund gestures at you while chanting. The magic dart hits you!
Ouch! That really hurt!
You shoot an arrow. The arrow completely misses Sigmund.
Sigmund points at you and mumbles some strange words.
The magic dart hits you.
You shoot an arrow. The arrow hits Sigmund.
Sigmund is moderately wounded.
You shoot an arrow. The arrow barely misses Sigmund.
Sigmund hits you from afar with a +0 scythe.
You shoot an arrow.
The arrow hits Sigmund but does no damage.
Sigmund is moderately wounded.
Sigmund gestures at you while chanting. The magic dart hits you.
1334 ||| READING scroll of teleportation.
As you read the scroll of teleportation, it crumbles to dust.
You feel strangely unstable.
Sigmund hits you from afar with a +0 scythe.
You die...
Sigmund begins carving another notch in his scythe.

##....#.####
#....#+####
##.#......#
#........#
##..>....#
##......#
#..[...#
#......#
#..@...#
##'##### #@
#. #. #. ..
..


You could see Sigmund.

Vanquished Creatures
  A dart slug (D:1)
  7 ball pythons
  3 endoplasms
  A giant cockroach (D:1)
  4 goblins
  2 hobgoblins
  4 jackals (D:2)
  A kobold (D:1)
  3 quokkas
  6 bats
  2 frilled lizards (D:2)
  4 rats
38 creatures vanquished.

Notes
Turn   | Place    | Note
-------+----------+-------------------------------------------
     0 | D:1      | qw the Gargoyle Hunter began the quest for the Orb.
     0 | D:1      | Reached XP level 1. HP: 12/12 MP: 1/1
     0 | D:1      | 0 ||| qw: Version: 0.3-a-76-g4403597
     0 | D:1      | 0 ||| qw: Game counter: 940
     0 | D:1      | 0 ||| qw: Melee chars always use a shield: true
     0 | D:1      | 0 ||| qw: God list: Okawaru
     0 | D:1      | 0 ||| qw: Allow faded altars: false
     0 | D:1      | 0 ||| qw: Do Orc after clearing Dungeon:15 true
     0 | D:1      | 0 ||| qw: Do second Lair branch before Depths: true
     0 | D:1      | 0 ||| qw: Lair rune preference: random
     0 | D:1      | 0 ||| qw: Goals: Normal
     0 | D:1      | 0 ||| PLANNING D:1-11
   159 | D:1      | Reached XP level 2. HP: 16/17 MP: 2/2
   451 | D:1      | Reached XP level 3. HP: 21/21 MP: 3/3
   575 | D:1      | 575 ||| UPGRADING to ring of positive energy.
   576 | D:1      | 576 ||| READING scroll labelled DOUJONISAPS.
   577 | D:1      | 577 ||| READING 2 scrolls labelled HUNITWONUR.
   578 | D:1      | 578 ||| READING scroll labelled PUCAMN SIXZUPP.
   579 | D:1      | 579 ||| READING scroll labelled UDYUZI RO KERU.
   580 | D:1      | 580 ||| READING scroll labelled KADI RIREEFU.
   585 | D:1      | 585 ||| READING scroll labelled CAHAWK VUUXOGG.
   586 | D:1      | 586 ||| DROPPING scroll of butterflies.
   587 | D:1      | 587 ||| DROPPING scroll of blinking.
   640 | D:2      | Reached skill level 5 in Ranged Weapons
  1107 | D:2      | Found Yluvvoc's Distillery.
  1116 | D:2      | 1116 ||| BUYING potion of enlightenment (55 gold).
  1116 | D:2      | Bought a potion of enlightenment for 55 gold pieces
  1116 | D:2      | 1116 ||| SHOPLISTING potion of haste (110 gold, have 20).
  1116 | D:2      | 1116 ||| SHOPLISTING potion of heal wounds (55 gold, have
                  | 20).
  1116 | D:2      | 1116 ||| SHOPLISTING potion of might (44 gold, have 20).
  1116 | D:2      | 1116 ||| SHOPLISTING potion of mutation (88 gold, have 20).
  1219 | D:2      | 1219 ||| UPGRADING to +0 ring mail.
  1229 | D:2      | 1229 ||| DROPPING +0 leather armour.
  1230 | D:2      | 1230 ||| READING scroll labelled DEOXOT RUSHE.
  1242 | D:2      | 1242 ||| READING scroll labelled ETTYLE VYAPN.
  1327 | D:3      | Noticed Sigmund
  1333 | D:3      | HP: 3/22 [Sigmund/magic dart (4)]
  1334 | D:3      | 1334 ||| READING scroll of teleportation.
  1334 | D:3      | Slain by Sigmund

Levels and vault maps discovered:
D:1:      erik_arrival_blinker_ship, layout_loops_cross, fountainhead
D:2:      layout_basic, serial_shops, nicolae_shop_tiny_statue_garden
D:3:      layout_basic, tgw_sif, uniq_sigmund

Skill      XL: |  1  2  3 |
---------------+----------+-----
Ranged Weapons | 5 |  5.0
Fighting       | |  2.8
Dodging        | |  1.5
Stealth        | |  1.1

Action                     || total
---------------------------++-------
   Fire: Shortbow          ||    96
    Use: Scroll            ||     9
 Armour: Leather armour    ||    12
         Ring mail         ||     5
  Dodge: Dodged            ||    19

Table legend:
 A = Non-vault XP
 B = Vault XP
 C = Vault XP percentage of total XP
 D = Non-vault monster count
 E = Vault monster count
 F = Vault count percentage of total count
                 A         B        C        D         E       F
            +---------+---------+-------+---------+---------+-------
      Total |      66 |       0 |   0.0 |      38 |       0 |   0.0
            +---------+---------+-------+---------+---------+-------
        D:1 |      35 |       0 |   0.0 |      19 |       0 |   0.0
        D:2 |      30 |       0 |   0.0 |      18 |       0 |   0.0
        D:3 |       1 |       0 |   0.0 |       1 |       0 |   0.0
            +---------+---------+-------+---------+---------+-------
